Map: Dédale EC

Players

Enigma

  • Race: Protoss Protoss
  • League: Diamond
  • Spawn Location: 1:00

HoldTheDoor - Winner!

  • Race: Protoss Protoss
  • League: Diamond
  • Spawn Location: 7:00

VOD

Have the link to the VOD?

Description

Time

  • Played on: July 14, 2018, 6:23 a.m.
  • Length: 22:05
Show
View Real Time Build Order
Export as new Build Order

Enigma Protoss 

Build Orders:  

Get SALT Encoding   

  12  0:01  Probe  
  13  0:13  Probe  
  14  0:23  Pylon  
  14  0:28  Assimilator  
  14  0:30  Probe  
  15  0:44  Gateway  
  15  0:49  Probe  
  16  0:57  Probe  
  17  1:07  Probe  
  18  1:11  Pylon  
  18  1:19  Probe  
  18  1:21  Gateway  
  19  1:31  Probe  
  20  1:37  Cybernetics Core  
  20  1:43  Probe  
  20  1:44  Warp Gate  
  21  1:55  Probe  
  22  2:07  Probe  
  23  2:20  Probe  
  24  2:25  Stalker  
  24  2:29  Adept  
  28  2:43  Probe  
  29  2:47  Gateway  
  29  2:48  Gateway  
  29  3:02  Probe  
  29  3:11  Stalker  
  30  3:24  Pylon  
  30  3:28  Pylon  
  30  3:44  Pylon  
  30  3:52  Pylon  
  30  3:56  Assimilator  
  30  4:03  Zealot  
  30  4:04  Stalker x3  
  30  4:07  Gateway  
  38  4:15  Shield Battery  
  38  4:36  Adept  
  38  4:37  Adept  
  38  4:38  Stalker x2  
  46  4:47  Forge, Pylon  
  31  5:37  Zealot x2  
  31  5:38  Stalker  
  31  5:40  Sentry  
  31  5:41  Nexus  
  39  5:43  Pylon  
  39  5:53  Protoss Ground Weapons Level 1  
  39  5:55  Stargate  
  39  6:06  Shield Battery  
  33  6:33  Pylon  
  33  6:36  Shield Battery  
  33  6:39  Zealot x2  
  37  6:40  Stalker  
  37  6:42  Sentry  
  41  6:50  Probe  
  42  6:58  Probe  
  42  7:01  Probe  
  44  7:13  Probe  
  45  7:17  Assimilator  
  45  7:19  Zealot  
  45  7:20  Stalker  
  45  7:21  Stalker  
  51  7:45  Photon Cannon  
  51  7:50  Void Ray  
  55  7:58  Pylon  
  55  7:59  Sentry  
  55  8:02  Pylon  
  55  8:03  Adept  
  55  8:05  Probe x2  
  61  8:16  Pylon  
  61  8:18  Probe x2  
  63  8:32  Void Ray  
  63  8:45  Probe x2, Protoss Air Weapons Level 1  
  69  8:53  Probe x2  
  69  9:01  Probe  
  69  9:02  Photon Cannon  
  72  9:10  Robotics Facility  
  72  9:14  Void Ray  
  72  9:20  Probe  
  72  9:23  Assimilator  
  77  10:07  Nexus  
  77  10:08  Pylon  
  77  10:10  Void Ray  
  80  10:37  Photon Cannon  
  80  10:47  Probe x2  
  80  10:49  Void Ray  
  82  10:53  Observer  
  83  10:59  Probe x2  
  83  11:00  Twilight Council  
  83  11:03  Protoss Air Armor Level 1, Gateway  
  89  11:11  Probe  
  89  11:17  Charge  
  90  11:21  Photon Cannon  
  90  11:23  Void Ray  
  90  11:24  Shield Battery  
  90  11:26  Assimilator  
  90  11:28  Warp Prism  
  95  11:45  Photon Cannon  
  95  11:47  Probe x3  
  95  11:49  Protoss Ground Weapons Level 2  
  98  12:00  Templar Archives  
  98  12:06  Oracle  
  101  12:26  Probe x3, Pylon  
  104  12:30  Pylon  
  104  12:32  Pylon  
  104  12:36  Observer  
  105  12:38  Probe x3  
  108  12:51  Zealot x3  
  110  12:52  Zealot  
  110  12:55  Zealot  
  118  13:02  Fleet Beacon  
  118  13:12  Zealot x3  
  124  13:14  Zealot  
  124  13:38  Carrier  
  117  13:43  Protoss Air Weapons Level 2  
  113  13:52  Graviton Catapult  
  115  13:59  Blink  
  111  14:12  Observer  
  112  14:18  Probe x3  
  115  14:30  Stalker x5, Probe  
  122  14:39  Stargate  
  122  14:40  Stargate  
  122  14:42  Mothership  
  122  14:49  Probe x2  
  122  14:50  Nexus  
  122  14:52  Pylon  
  132  14:53  Pylon  
  132  15:03  High Templar x2  
  132  15:04  Carrier  
  140  15:34  Psionic Storm  
  140  15:40  Zealot x3  
  140  15:41  Zealot x2  
  150  15:45  Assimilator  
  150  15:52  Carrier x2  
  150  15:58  Probe x2  
  152  16:10  Probe x2  
  166  16:14  Probe  
  167  16:22  Probe x3  
  163  16:46  Protoss Air Weapons Level 3  
  157  16:48  Probe  
  157  16:50  Assimilator, Carrier  
  157  16:52  Assimilator  
  158  16:56  Photon Cannon  
  158  17:00  Probe  
  165  17:09  Cybernetics Core  
  165  17:22  High Templar x2  
  169  17:26  Zealot x3  
  169  17:29  Protoss Air Armor Level 2  
  175  17:32  Protoss Shields Level 1  
  175  17:44  Gateway  
  175  17:45  Pylon  
  175  17:48  Pylon  
  175  17:52  Gateway  
  175  17:54  Gateway  
  175  17:57  Gateway  
  175  18:08  Carrier  
  175  18:10  Carrier  
  175  18:11  Zealot x5  
  181  19:24  Nexus  
  181  19:25  Pylon  
  181  19:26  Pylon  
  181  19:28  Pylon  
  181  19:32  Pylon  
  181  19:50  Gateway  
  181  19:55  Gateway  
  181  19:58  Photon Cannon  
  181  20:00  Shield Battery  
  181  20:02  Gateway  
  181  20:04  Shield Battery  
  181  20:05  Gateway  
  181  20:07  Gateway  
  181  20:09  Warp Prism, Gateway  
  183  20:19  Forge  
  73  20:59  Stalker  
  73  21:00  Stalker x7  
  73  21:01  Stalker  
  87  21:09  Tempest x3  
  96  21:27  Stalker x6  
  96  21:28  Stalker x5  
  96  21:29  Stalker x2  
Show
View Real Time Build Order
Export as new Build Order

HoldTheDoor Protoss - Winner!

Build Orders:  

Get SALT Encoding   

  12  0:01  Probe  
  13  0:13  Probe  
  14  0:18  Pylon  
  14  0:25  Probe  
  15  0:35  Probe  
  15  0:38  Gateway  
  16  0:43  Probe  
  16  0:44  Assimilator  
  17  0:55  Assimilator  
  17  0:56  Probe  
  18  1:13  Gateway  
  18  1:15  Probe  
  19  1:27  Probe  
  20  1:38  Cybernetics Core  
  20  1:39  Probe  
  21  1:51  Probe  
  22  1:57  Pylon  
  22  2:03  Probe  
  23  2:11  Assimilator  
  24  2:15  Probe  
  24  2:27  Stalker x2, Probe  
  29  2:33  Pylon  
  29  2:37  Warp Gate  
  29  2:39  Probe  
  29  2:40  Pylon  
  30  2:52  Probe  
  30  2:57  Stalker  
  33  3:09  Probe  
  34  3:16  Robotics Facility  
  34  3:21  Pylon  
  34  3:22  Stalker  
  34  3:26  Probe  
  37  3:34  Shield Battery, Pylon  
  37  3:38  Probe  
  38  3:53  Probe  
  39  4:02  Nexus  
  39  4:03  Observer  
  39  4:06  Pylon  
  40  4:13  Probe, Immortal  
  45  4:25  Probe  
  46  4:37  Probe  
  47  4:43  Immortal  
  47  4:47  Shield Battery  
  47  4:50  Shield Battery  
  51  5:10  Stalker x2  
  47  5:31  Immortal  
  47  5:34  Probe  
  47  5:35  Stalker  
  54  5:41  Pylon  
  54  5:46  Probe, Pylon  
  55  5:57  Pylon  
  55  6:07  Pylon  
  52  6:19  Immortal  
  50  6:32  Stalker x2  
  54  6:58  Immortal  
  54  7:01  Nexus  
  58  7:05  Probe  
  59  7:17  Probe  
  59  7:18  Stargate  
  60  7:26  Stalker  
  60  7:27  Pylon  
  60  7:29  Probe  
  63  7:30  Sentry  
  65  7:41  Probe  
  66  7:53  Probe  
  66  7:58  Stalker x2  
  69  7:59  Oracle  
  69  8:05  Probe  
  75  8:14  Probe  
  75  8:17  Probe  
  77  8:27  Probe  
  78  8:32  Oracle  
  78  8:33  Assimilator  
  78  8:36  Assimilator  
  78  8:39  Pylon  
  78  8:41  Probe x2  
  82  8:49  Observer  
  83  8:56  Fleet Beacon  
  83  9:07  Sentry  
  83  9:09  Stalker  
  87  9:11  Pylon  
  87  9:43  Nexus, Carrier  
  87  9:47  Pylon  
  87  9:50  Pylon  
  87  9:51  Stalker x2  
  91  9:53  Assimilator  
  91  9:55  Immortal  
  101  10:17  Protoss Air Weapons Level 1  
  101  10:19  Probe x2  
  97  10:22  Graviton Catapult  
  97  10:27  Stargate  
  97  10:30  Stalker x2  
  97  10:32  Probe x2  
  103  10:44  Probe  
  103  10:45  Forge  
  103  10:48  Observer  
  105  10:57  Probe x2  
  105  11:01  Assimilator  
  107  11:06  Probe, Protoss Ground Weapons Level 1  
  108  11:12  Probe, Carrier  
  108  11:13  Probe  
  108  11:14  Stalker x2  
  108  11:15  Pylon  
  120  11:37  Probe x2  
  120  11:38  Probe  
  123  11:40  Stalker x2  
  127  11:49  Probe  
  127  11:51  Probe x2  
  130  11:56  Carrier  
  136  12:02  Protoss Air Armor Level 1  
  136  12:06  Warp Prism  
  138  12:08  Probe  
  138  12:09  Probe  
  138  12:10  Stalker x2  
  144  12:22  Twilight Council  
  144  12:24  Pylon  
  144  12:29  Forge  
  144  12:31  Cybernetics Core  
  144  12:33  Pylon  
  144  12:40  Carrier  
  150  12:44  Protoss Ground Armor Level 1, Protoss Ground Weapons Level 2  
  150  12:47  Protoss Air Weapons Level 2  
  150  13:00  Stalker  
  150  13:01  Stalker  
  154  13:08  Charge  
  154  13:15  Observer  
  155  13:25  Stalker x2  
  145  13:44  Protoss Air Armor Level 2  
  135  13:49  Stalker x2  
  135  13:54  Probe x3  
  137  14:06  Probe x2  
  137  14:08  Photon Cannon, Carrier  
  137  14:09  Carrier  
  151  14:10  Photon Cannon  
  151  14:18  Probe  
  151  14:19  Probe  
  151  14:23  Probe  
  154  14:31  Probe  
  155  14:38  Photon Cannon  
  155  14:40  Photon Cannon  
  155  14:42  Photon Cannon  
  155  14:43  Photon Cannon  
  155  14:45  Photon Cannon  
  155  14:46  Probe  
  155  14:47  Probe x2  
  158  14:53  Photon Cannon  
  158  14:54  Pylon  
  158  15:11  Pylon  
  158  15:15  Nexus  
  158  15:16  Pylon  
  158  15:18  Pylon  
  158  15:20  Assimilator  
  158  15:24  Assimilator, Pylon  
  158  15:25  Photon Cannon  
  158  15:28  Photon Cannon  
  158  15:30  Photon Cannon  
  158  15:33  Pylon  
  158  15:40  Void Ray  
  162  15:49  Void Ray  
  162  15:57  Probe, Protoss Air Weapons Level 3  
  167  16:03  Protoss Ground Weapons Level 3  
  167  16:07  Pylon  
  167  16:08  Protoss Shields Level 1, Photon Cannon  
  167  16:12  Photon Cannon  
  162  16:39  Zealot x2  
  161  16:51  Probe x2  
  163  17:01  Probe x2  
  163  17:03  Probe  
  163  17:04  Photon Cannon  
  163  17:06  Pylon  
  166  17:08  Photon Cannon  
  166  17:10  Probe  
  166  17:11  Pylon  
  166  17:13  Probe  
  168  17:17  Void Ray  
  168  17:19  Void Ray  
  168  17:20  Protoss Air Armor Level 3  
  176  17:33  Probe x2  
  178  17:41  Templar Archives, Pylon  
  178  17:46  Photon Cannon  
  178  17:58  Photon Cannon  
  178  18:00  Photon Cannon  
  178  18:03  Photon Cannon  
  178  18:06  Photon Cannon  
  178  18:12  Mothership  
  186  18:19  Void Ray  
  190  18:27  Void Ray  
  194  18:45  Zealot x2  
  191  19:05  Void Ray  
  191  19:09  Protoss Ground Armor Level 2  
  195  19:10  Protoss Shields Level 2  
  195  19:14  Void Ray  
  199  19:19  Gateway  
  199  19:24  Pylon  
  199  19:30  Gateway  
  199  19:32  Gateway  
  199  19:34  Gateway  
  199  19:35  Gateway  
  199  19:37  Gateway  
  199  19:40  Gateway  
  199  19:50  Photon Cannon  
  199  19:55  Photon Cannon  
  199  19:57  Photon Cannon  
  199  19:59  Pylon  
  199  20:31  Pylon  
  198  20:36  Pylon  
  198  20:41  Pylon  
  160  20:57  Stalker x2  
  162  21:24  Probe x2  
  164  21:28  Nexus  
  164  21:31  Pylon  
  164  21:35  Pylon  
  164  21:39  Assimilator  
  164  21:43  Assimilator  
  164  21:46  Pylon  
  158  21:54  Zealot  
  158  21:55  Zealot x6  
  158  21:56  Zealot  
Tags
 
Matchup
PvP
Spawn Locations
Cross Positions
Add a new tag
Caveats
  • Supply blocks, unpowered buildings, or Contaminate may cause inaccurate times.
  • Supply counts are checked every 10 seconds.